 Dungeon Crawl Stone Soup version 0.28.0-47-ge53b351184 (webtiles) character file.

Game seed: 8850828818276663095

12657 NinjaNoafa the Grappler (level 11, -29/103 (105) HPs)
             Began as a Troll Fighter on May 4, 2022.
             Was a Priest of Uskayaw.
             Killed by an exploding Josephine (36 damage)
             ... ignited by their inner flame
             ... on level 12 of the Dungeon.
             The game lasted 00:25:32 (10463 turns).

NinjaNoafa the Grappler (Troll Fighter)            Turns: 10463, Time: 00:25:34

HP:   -29/103 (105) AC:  9    Str: 26    XL:     11   Next: 65%
MP:   10/16         EV: 12    Int:  4    God:    Uskayaw [***...]
Gold: 502           SH: 15    Dex: 19    Spells: 14/14 levels left

rFire   . . .      SeeInvis +     - Unarmed
rCold   . . .      Faith    .   b - +0 kite shield
rNeg    . . .      Spirit   .   h - +0 steam dragon scales
rPois   .          Reflect  +   (helmet restricted)
rElec   .          Harm     .   o - +1 cloak
rCorr   .          Rampage  .   (gloves unavailable)
Will    .....                   (boots unavailable)
Stlth   ++........              q - amulet of reflection
HPRegen 1.87/turn               j - +6 ring of dexterity
MPRegen 0.15/turn               F - ring of see invisible

@: mighty, lightly drained, unable to read
A: large, unfitting armour, claws 3, regeneration 2, shaggy fur 1, tough skin 1,
inability to read while threatened
a: Renounce Religion, Stomp, Line Pass


You were on level 12 of the Dungeon.
You worshipped Uskayaw.
Uskayaw was aware of your devotion.
You visited 2 branches of the dungeon, and saw 13 of its levels.
You visited the Abyss 1 time.
You also visited: Ice Cave.

You collected 637 gold pieces.
You spent 135 gold pieces at shops.

Inventory:

Missiles
 d - 25 poisoned darts (quivered)
 u - 4 curare-tipped darts
 A - 5 javelins
Armour
 b - a +0 kite shield (worn)
 h - +0 steam dragon scales (worn)
 o - a +1 cloak (worn)
Jewellery
 j - a +6 ring of dexterity (left claw)
 q - an amulet of reflection (around neck)
 s - a ring of fire
 v - a ring of flight
 y - a ring of poison resistance
 F - a ring of see invisible (right claw)
Wands
 l - a wand of flame (39)
 m - a wand of mindburst (4)
 n - a wand of digging (8)
 r - a wand of iceblast (4)
Scrolls
 c - a scroll of brand weapon
 e - 6 scrolls of fog
 i - a scroll of vulnerability
 t - a scroll of immolation
 w - a scroll of enchant armour
 x - a scroll of magic mapping
 C - a scroll of teleportation
 G - 2 scrolls of enchant weapon {unknown}
Potions
 a - a potion of cancellation
 g - 2 potions of invisibility
 k - a potion of haste
 p - 7 potions of curing


   Skills:
 + Level 6.3 Fighting
 + Level 6.3 Dodging
 + Level 6.3 Shields
 + Level 9.0 Unarmed Combat
 - Level 2.0 Spellcasting
 + Level 8.1 Invocations
 - Level 5.0 Evocations


You had 14 spell levels left.
You didn't know any spells.
Your spell library contained the following spells:

 Spells                   Type           Power      Damage    Failure   Level
 Magic Dart               Conj           0%         1d3       69%         1
 Call Imp                 Summ           0%         N/A       83%         2
 Corpse Rot               Necr/Air       0%         N/A       83%         2
 Poisonous Vapours        Pois/Air       0%         N/A       83%         2
 Mephitic Cloud           Conj/Pois/Air  0%         N/A       96%         3
 Alistair's Intoxication  Tmut/Pois      0%         N/A       100%        5
 Borgnjor's Vile Clutch   Necr/Erth      0%         N/A       100%        5
 Eringya's Noxious Bog    Tmut/Pois      0%         N/A       100%        6


Dungeon Overview and Level Annotations

Branches:
Dungeon (12/15)            Temple (1/1) D:4            Lair (0/6) D:8
  IceCv (visited)
    Orc: D:9-12

Altars:
Ashenzari
Cheibriados
Dithmenos
Elyvilon
Fedhas
Gozag
Hepliaklqana
Kikubaaqudgha
Makhleb
Nemelex Xobeh
Okawaru
Qazlal
Ru
Sif Muna
Trog
Uskayaw
Vehumet
Wu Jian
Xom
Yredelemnul
Zin
The Shining One

Shops:
D:1 [   D:6 ?

Annotations:
D:9 3 runed translucent doors, pkoi's ghost, novice DgGl


Innate Abilities, Weirdness & Mutations

You are too large for most types of armour.
You have claws for hands.
You heal very quickly.
You are covered in fur. (AC +1)
You have tough skin. (AC +1)
You sometimes lose the ability to read scrolls when taking damage.


Message History

The green ugly thing completely misses you.
Uskayaw will force your foes to helplessly watch your dance.
You claw the wraith!
The wraith is moderately damaged.
Josephine seems less confused.
Josephine is no longer paralysed.
The wraith is no longer paralysed.
Josephine closely misses you. You block the wraith's attack.
The green ugly thing misses you.
You claw the wraith!
The wraith is heavily damaged.
As you read the scroll labelled FELLACSAZISS, it crumbles to dust.
The creatures around you are filled with an inner flame!
It was a scroll of immolation.
Josephine closely misses you.
You block the green ugly thing's attack.
The wraith misses you.
As you read the scroll labelled LAQ QAZUNEEPT, it crumbles to dust.
You speak a Word of immense power!
The wraith convulses! x2
It was a scroll of holy word.
The wraith explodes!
The fiery explosion engulfs you!!
You feel threatened and lose the ability to read scrolls!
The fiery explosion engulfs Josephine!!
Flame seeps out of Josephine.
Josephine is moderately wounded.
The wraith explodes!
The fiery explosion engulfs the green ugly thing!!
Flame seeps out of the green ugly thing.
The green ugly thing is almost dead.
The fiery explosion engulfs Josephine!!
Flame seeps out of Josephine.
Josephine is severely wounded.
You are engulfed in blazing flames.
Josephine is engulfed in blazing flames.
Flame seeps out of Josephine.
Josephine draws life force from you!
Josephine is healed by the life force!
The green ugly thing is engulfed in blazing flames.
The green ugly thing explodes!
The fiery explosion engulfs you!!
* * * LOW HITPOINT WARNING * * *
The fiery explosion engulfs Josephine!!
Josephine explodes!
The fiery explosion engulfs you!!!
You die...

#..........#
#..........#
###..........#
............#
#..........#
#.....(....#
#...§§.....#
#..§§§.....#
#..@§§§....#
####§#######
#########
###§§....##
#.......#
#.........#
#.......#
###.#######
#>......# #...#
#.......# #.###
#.......#####...#
#.......'..##.#.#


There were no monsters in sight!

Vanquished Creatures
  Josephine (D:12)
  2 boulder beetles (D:11)
  Erolcha (D:12)
  4 two-headed ogres
  An ugly thing (D:12)
  A moth of wrath (shapeshifter) (Abyss:2)
  Maurice (D:8)
  A kobold demonologist (D:11)
  4 trolls
  Prince Ribbit (D:8)
  A shadow (D:10)
  9 yaks
  5 wraiths
  A vampire (Abyss:2)
  A basilisk (D:8)
  A death yak simulacrum (IceCv)
  3 steam dragons
  Menkaure (D:7)
  2 acid dragons
  3 water moccasins
  2 sky beasts
  3 orc warriors
  2 black bears
  An ogre (D:5)
  A centaur (D:9)
  2 phantoms
  4 kobold brigands
  2 scorpions (D:6)
  A cane toad simulacrum (IceCv)
  8 killer bees
  An elephant simulacrum (IceCv)
  5 wights (D:8)
  6 centaur zombies
  A quasit (Abyss:2)
  A bullfrog zombie (D:5)
  An orc priest (D:10)
  Crazy Yiuf (D:7)
  An iron imp (Abyss:2)
  7 orc wizards
  3 iguanas
  A wolf simulacrum (IceCv)
  2 killer bee zombies
  2 howler monkey zombies
  A howler monkey skeleton (D:5)
  11 adders
  3 white imps
  3 ufetubi
  4 dart slugs
  2 worms (D:2)
  31 orcs
  5 bats
  4 endoplasms
  A giant cockroach (D:2)
  5 goblins
  5 hobgoblins
  4 jackals (D:2)
  35 kobolds
  4 quokkas
  6 ball pythons
  3 frilled lizards
  2 rats (D:3)
231 creatures vanquished.

Vanquished Creatures (others)
  Sonja (D:10)
  5 fungi
  9 plants
  2 starspawn tentacles (Abyss:2)
17 creatures vanquished.

Grand Total: 248 creatures vanquished

Notes
Turn   | Place    | Note
-------+----------+-------------------------------------------
     0 | D:1      | NinjaNoafa the Troll Fighter began the quest for the Orb.
     0 | D:1      | Reached XP level 1. HP: 22/22 MP: 0/0
   104 | D:1      | Found Ceasij's Antique Armour Shop.
   163 | D:1      | Found a faded altar of an unknown god.
   603 | D:1      | Reached XP level 2. HP: 26/29 MP: 1/1
  1087 | D:2      | Reached XP level 3. HP: 36/36 MP: 2/2
  1531 | D:2      | Reached skill level 3 in Unarmed Combat
  1721 | D:3      | You fall into a shaft and drop 2 floors!
  1721 | D:5      | Entered Level 5 of the Dungeon
  1721 | D:5      | Found a bloodstained altar of Trog.
  1747 | D:5      | Reached XP level 4. HP: 44/44 MP: 3/3
  1760 | D:5      | Found a stormy altar of Qazlal.
  1863 | D:4      | Found a hide-covered altar of Uskayaw.
  1886 | D:4      | Became a worshipper of Uskayaw the Reveller
  1923 | D:4      | Reached * piety under Uskayaw
  1925 | D:4      | Reached ** piety under Uskayaw
  1931 | D:4      | Reached *** piety under Uskayaw
  1959 | D:4      | Found a staircase to the Ecumenical Temple.
  1981 | Temple   | Entered the Ecumenical Temple
  2412 | D:3      | Reached XP level 5. HP: 45/52 MP: 2/4
  2708 | D:3      | Found a blossoming altar of Fedhas.
  2832 | D:3      | Reached skill level 1 in Evocations
  2967 | D:4      | Reached skill level 1 in Spellcasting
  3369 | D:5      | Reached XP level 6. HP: 51/59 MP: 7/7
  3986 | D:5      | Noticed a sky beast
  3994 | D:5      | Killed a sky beast
  3995 | D:5      | Reached XP level 7. HP: 55/67 MP: 5/9
  4063 | D:6      | Reached skill level 4 in Unarmed Combat
  4202 | D:6      | Found an ornate altar of the Wu Jian Council.
  4502 | D:6      | Found Atwadus's Magic Scroll Shoppe.
  4505 | D:6      | Bought 3 scrolls of identify for 90 gold pieces
  4535 | D:6      | Noticed a steam dragon
  4543 | D:6      | Killed a steam dragon
  4544 | D:6      | Reached skill level 5 in Unarmed Combat
  4544 | D:6      | Reached XP level 8. HP: 70/78 MP: 10/10
  4864 | D:7      | Found an iron altar of Okawaru.
  5226 | D:7      | Reached skill level 6 in Unarmed Combat
  5237 | D:7      | Noticed Menkaure
  5242 | D:7      | Killed Menkaure
  5340 | D:7      | Found a runed translucent door.
  5341 | D:7      | Noticed Crazy Yiuf
  5348 | D:7      | Killed Crazy Yiuf
  5445 | D:8      | Found a snail-covered altar of Cheibriados.
  5473 | D:8      | Found a staircase to the Lair.
  5511 | D:8      | Reached XP level 9. HP: 75/85 MP: 11/11
  5550 | D:8      | Reached skill level 7 in Unarmed Combat
  5767 | D:8      | Reached **** piety under Uskayaw
  5772 | D:8      | Reached ***** piety under Uskayaw
  5864 | D:8      | Noticed Prince Ribbit
  5877 | D:8      | Killed Prince Ribbit
  5878 | D:8      | Reached skill level 5 in Dodging
  6120 | D:8      | Reached skill level 5 in Shields
  6230 | D:8      | Noticed Maurice
  6236 | D:8      | Killed Maurice
  6459 | D:8      | Found a white marble altar of Elyvilon.
  6792 | D:6      | Bought a scroll of teleportation for 45 gold pieces
  7019 | D:9      | Reached XP level 10. HP: 88/94 MP: 12/12
  7093 | D:9      | Noticed a two-headed ogre
  7102 | D:9      | Killed a two-headed ogre
  7103 | D:9      | Reached skill level 5 in Invocations
  7103 | D:9      | Reached skill level 5 in Evocations
  7171 | D:9      | Found a glowing silver altar of Zin.
  7294 | D:9      | Found a flagged portal.
  7719 | D:9      | Found a runed translucent gate.
  7719 | D:9      | Found a runed translucent gate.
  7719 | D:9      | Found a runed translucent gate.
  7719 | D:9      | Noticed pkoi's ghost (novice DgGl)
  8105 | D:10     | Entered Level 10 of the Dungeon
  8139 | D:10     | Identified the +10 dagger "Demon's Demise" {protect, rPois
                  | Will+}
  8156 | D:10     | Noticed Sonja
  8168 | D:10     | Killed Sonja
  8214 | D:10     | Reached skill level 5 in Fighting
  8398 | D:10     | Noticed a two-headed ogre
  8409 | D:10     | Killed a two-headed ogre
  8518 | D:10     | Reached skill level 8 in Unarmed Combat
  8592 | D:10     | Noticed a two-headed ogre
  8607 | D:10     | Killed a two-headed ogre
  9038 | D:10     | Reached XP level 11. HP: 102/104 MP: 15/15
  9332 | D:11     | Found a bloodstained altar of Trog.
  9354 | D:11     | Noticed a boulder beetle
  9392 | D:11     | Killed a boulder beetle
  9721 | D:11     | Noticed a boulder beetle
  9733 | D:11     | Gained mutation: You are somewhat resistant to further
                  | mutation. [potion of mutation]
  9734 | D:11     | Lost mutation: You are somewhat resistant to further
                  | mutation. [potion of mutation]
  9734 | D:11     | Gained mutation: You sometimes lose the ability to read
                  | scrolls when taking damage. [potion of mutation]
  9734 | D:11     | Gained mutation: You heal very quickly. [potion of
                  | mutation]
  9736 | D:11     | Killed a boulder beetle
  9788 | D:11     | Found a frozen archway.
  9821 | IceCv    | Entered an ice cave
 10135 | D:12     | Noticed a two-headed ogre
 10136 | D:12     | Noticed Erolcha
 10154 | D:12     | Cast into level 2 of the Abyss (Erolcha)
 10169 | Abyss:2  | Noticed a spatial maelstrom
 10301 | Abyss:2  | Noticed a tentacled starspawn
 10318 | Abyss:2  | Noticed a wretched star
 10369 | Abyss:2  | Noticed a thrashing horror
 10371 | D:12     | Escaped the Abyss
 10377 | D:12     | Killed Erolcha
 10381 | D:12     | Killed a two-headed ogre
 10448 | D:12     | Noticed a green ugly thing
 10448 | D:12     | Noticed Josephine
 10451 | D:12     | Reached skill level 9 in Unarmed Combat
 10463 | D:12     | Killed a green ugly thing
 10463 | D:12     | Killed Josephine
 10463 | D:12     | Killed by an exploding Josephine... ignited by their inner
                  | flame

Illustrated notes

Levels and vault maps discovered:
D:1:      saegor_arrival_fortress, layout_loops_ring, serial_shops, shop,
          ebering_ecumenical_altar_ruins
D:2:      layout_loops_corners, serial_rivers, chequers_serial_rivers_large_a,
          chequers_serial_rivers_small_b, chequers_serial_rivers_micro_b,
          chequers_serial_rivers_micro_a, grunt_decor_one_mirror
D:3:      layout_basic, mainiacjoe_overflow_cross_hatched
D:4:      layout_basic, mainiacjoe_overflow_tiny_flanked,
          minmay_temple_entry_tees, amcnicky_mini_corridor_feature
D:5:      layout_loops_cross, mainiacjoe_overflow_catwalk, amcnicky_altar_gilded
D:6:      layout_cave_pools, nicolae_overflow_crystal_walls, serial_shops,
          nicolae_shop_behind_doors, chequers_serial_rivers_small_a
D:7:      layout_loops_ring, mainiacjoe_overflow_brackets, uniq_menkaure,
          uniq_crazy_yiuf_cottage
D:8:      layout_basic, kennysheep_mini_moat, kennysheep_slug_shrine,
          dpeg_oklobed_lair, uniq_prince_ribbit1, uniq_maurice
D:9:      layout_loops_ring, zin_academy, enter_bailey_8,
          gammafunk_ghost_nasty_kobolds
D:10:     layout_stronghold, uniq_sonja
D:11:     layout_rooms, portal_ice_cave_entry_pillars_2, bloody_trog
D:12:     layout_roguey, orc_0_dummy, uniq_josephine, uniq_erolcha, uniq_frances
Temple:   cyrus_circular_temple

Skill      XL: |  1  2  3  4  5  6  7  8  9 10 11 |
---------------+----------------------------------+-----
Unarmed Combat | 3 5 6 7 8 9 |  9.0
Evocations     | 1 3 4 5 |  5.0
Spellcasting   | 1 2 |  2.0
Fighting       | 3 4 5 6 |  6.3
Dodging        | 3 4 5 6 |  6.3
Shields        | 3 4 5 6 |  6.3
Invocations    | 3 7 8 |  8.1

Action                   |  1- 3 |  4- 6 |  7- 9 | 10-12 || total
-------------------------+-------+-------+-------+-------++-------
Melee: Unarmed           |    92 |   144 |   278 |   212 ||   726
       Dagger            |       |       |       |     3 ||     3
Throw: Dart              |       |       |     4 |    71 ||    75
       Javelin           |       |       |       |     6 ||     6
Invok: Stomp             |       |     4 |     1 |     3 ||     8
       Line Pass         |       |     1 |     1 |     2 ||     4
Evoke: Wand              |       |     1 |    13 |    14 ||    28
  Use: Scroll            |       |       |    13 |     4 ||    17
       Potion            |       |       |     8 |     7 ||    15
 Stab: Paralysed         |       |     2 |     9 |    10 ||    21
       Sleeping          |       |     1 |     1 |     2 ||     4
       Confused          |       |       |     1 |       ||     1
Armor: Robe              |    36 |    71 |     9 |       ||   116
       Steam dragon scal |       |       |    57 |    54 ||   111
Dodge: Dodged            |    40 |    78 |   117 |   115 ||   350
Block: Kite shield       |    34 |    92 |   233 |   257 ||   616
       Reflection        |       |       |     5 |     7 ||    12
